Map: 16-Bit LE

Players

MaSa

  • Race: Terran Terran
  • Spawn Location: 1:00

Lambo - Winner!

  • Race: Zerg Zerg
  • Spawn Location: 7:00

Event: WCS Austin 2018

VOD

Have the link to the VOD?

Description

Time

  • Played on: June 1, 2018, 11:23 p.m.
  • Length: 19:30

All games in this series

Show
View Real Time Build Order
Export as new Build Order

MaSa Terran 

Build Orders: Command Center First (CC), MMM Bio 

Get SALT Encoding   

  12  0:00  SCV  
  13  0:12  SCV  
  14  0:17  Supply Depot  
  14  0:24  SCV  
  15  0:39  SCV  
  16  0:51  SCV  
  17  1:01  Command Center  
  17  1:04  SCV  
  18  1:09  Refinery  
  18  1:16  SCV  
  19  1:24  Barracks  
  19  1:28  SCV  
  20  1:40  SCV  
  21  1:52  SCV  
  22  2:11  Marine  
  22  2:12  Orbital Command, Factory  
  22  2:14  Orbital Command  
  23  2:24  Supply Depot  
  23  2:29  Barracks Reactor  
  23  2:37  SCV  
  23  2:41  SCV  
  25  2:49  SCV  
  26  2:53  SCV  
  26  2:54  Command Center  
  27  3:01  SCV  
  27  3:05  SCV  
  29  3:06  Refinery  
  29  3:09  Hellion x2  
  33  3:13  SCV  
  33  3:15  Barracks Tech Lab  
  33  3:19  SCV  
  35  3:26  SCV  
  36  3:30  Hellion x2  
  36  3:31  SCV  
  36  3:33  Marine  
  42  3:34  Stimpack  
  42  3:38  SCV  
  43  3:43  SCV  
  44  3:48  Barracks  
  44  3:50  SCV  
  44  3:51  Barracks  
  44  3:55  SCV  
  46  3:57  Factory Reactor, Supply Depot  
  46  4:04  Engineering Bay  
  46  4:05  Engineering Bay, Marine  
  46  4:06  SCV  
  46  4:08  SCV  
  49  4:11  Orbital Command  
  49  4:18  SCV  
  49  4:20  SCV  
  49  4:23  Marine  
  52  4:25  Refinery  
  52  4:26  Refinery  
  52  4:30  SCV  
  53  4:32  SCV  
  53  4:35  Starport  
  53  4:37  SCV  
  53  4:38  Factory Reactor, Terran Infantry Weapons Level 1  
  55  4:41  Marine  
  55  4:42  SCV, Terran Infantry Armor Level 1  
  55  4:43  Marine  
  55  4:44  SCV  
  59  4:47  Marine  
  59  4:49  SCV, Marine x2  
  63  4:54  Supply Depot, SCV  
  63  4:57  SCV  
  63  4:59  Marine  
  66  5:01  Marine  
  66  5:04  Marine  
  66  5:06  SCV  
  69  5:10  Barracks  
  69  5:11  Barracks  
  69  5:13  Orbital Command, Supply Depot  
  69  5:15  Marine  
  69  5:17  Supply Depot, SCV  
  69  5:18  Marine  
  69  5:20  Marine  
  73  5:23  SCV, Marine  
  73  5:26  Medivac  
  73  5:28  Factory Tech Lab  
  77  5:35  Supply Depot, SCV, Medivac  
  80  5:38  Marine x2  
  80  5:40  Marine x2  
  80  5:41  Armory  
  84  5:44  SCV  
  84  5:47  SCV, Marine  
  84  5:49  Supply Depot  
  87  5:52  Siege Tank  
  87  5:53  SCV  
  87  5:55  Refinery  
  87  5:56  SCV, Marine  
  93  5:58  Combat Shield  
  93  6:01  Barracks Reactor x2  
  93  6:02  SCV  
  94  6:11  SCV  
  94  6:12  Marine x4  
  94  6:14  Marine  
  94  6:15  Supply Depot, SCV  
  94  6:17  SCV  
  102  6:20  Supply Depot  
  102  6:22  Medivac  
  103  6:30  Marine x4  
  103  6:32  SCV, Marine  
  100  6:33  SCV  
  101  6:41  Terran Infantry Armor Level 2  
  101  6:44  Supply Depot, Marine  
  103  6:47  SCV, Marine x2  
  103  6:48  Marine x2  
  103  6:49  Marine  
  103  6:52  SCV  
  109  6:55  Siege Tank  
  109  6:59  Terran Infantry Weapons Level 2  
  113  7:01  SCV  
  113  7:04  SCV x2, Marine  
  113  7:07  Terran Vehicle And Ship Armor Level 1  
  116  7:12  Marine  
  116  7:13  Marine x4  
  121  7:18  SCV x2, Marine x3  
  121  7:22  Marine  
  126  7:23  Medivac  
  126  7:26  Supply Depot  
  126  7:29  SCV  
  130  7:30  Marine x2  
  130  7:31  Marine  
  130  7:32  Supply Depot  
  130  7:35  Marine  
  130  7:36  Marine  
  130  7:37  Marine x2  
  133  7:48  Marine x5, Medivac  
  133  7:50  Supply Depot, SCV  
  141  7:54  Marine x3  
  141  7:55  Siege Tank, Supply Depot  
  147  7:59  Marine  
  148  8:05  Marine  
  148  8:06  Marine  
  148  8:12  SCV x2  
  148  8:13  Command Center  
  148  8:15  Marine x2  
  148  8:16  Supply Depot  
  148  8:17  Marine x2  
  148  8:18  Marine  
  152  8:23  Marine x3  
  152  8:27  SCV x3  
  157  8:34  Medivac  
  160  8:36  Barracks, Medivac  
  161  8:50  Marine x3  
  161  8:51  Marine  
  161  8:55  Marine x4  
  157  8:56  SCV x2  
  157  8:59  Marine  
  157  9:02  SCV  
  155  9:03  Medivac  
  155  9:06  Medivac  
  155  9:07  Terran Infantry Armor Level 3  
  155  9:08  Marine x3  
  161  9:11  Marine  
  161  9:13  Marine  
  161  9:16  Siege Tank  
  166  9:19  Barracks  
  166  9:24  Barracks  
  166  9:26  Command Center  
  166  9:27  Terran Infantry Weapons Level 3  
  166  9:28  Marine x3  
  169  9:33  Barracks Tech Lab  
  169  9:34  Marauder, Marine x2  
  173  9:44  Supply Depot x2  
  173  9:51  Refinery  
  173  9:52  Terran Vehicle And Ship Armor Level 2  
  173  10:00  Sensor Tower  
  173  10:05  SCV x2, Marine x2  
  173  10:06  Marauder x2, SCV, Marine x6  
  189  10:15  Medivac x2  
  189  10:17  Siege Tank  
  188  10:23  Barracks Tech Lab, Marine x3  
  188  10:25  Marine  
  188  10:27  Marine  
  188  10:28  Marine  
  189  10:31  Marine  
  189  10:32  Marauder  
  189  10:34  Marine  
  189  10:36  Marauder  
  189  10:41  Barracks Tech Lab, Marine x3  
  189  10:42  Marine  
  152  10:45  Medivac x2  
  152  10:47  Ghost Academy  
  156  10:53  Marauder  
  156  10:55  Concussive Shells  
  158  10:57  Marine x4  
  158  10:58  Marauder x2  
  158  10:59  Marine x2  
  158  11:03  Refinery  
  168  11:06  Planetary Fortress  
  168  11:11  Missile Turret  
  168  11:14  Marauder  
  168  11:17  Starport, Fusion Core  
  170  11:18  Starport  
  170  11:19  Marauder  
  170  11:23  Siege Tank  
  170  11:25  Marauder, Marine x3  
  170  11:34  Marine x2  
  170  11:35  Marauder  
  170  11:36  Marauder, Marine x3  
  155  11:41  Marauder  
  155  11:42  Marine  
  155  11:43  Marine x2  
  155  11:46  Marauder  
  158  11:52  Marine x2  
  158  11:54  Marine  
  160  11:55  Refinery, Siege Tank  
  164  12:01  Starport Reactor, Starport Tech Lab  
  164  12:02  Command Center, Medivac x2  
  164  12:04  Marauder, Marine  
  171  12:08  Liberator  
  171  12:10  Marine x2  
  171  12:11  Marauder  
  175  12:18  Marauder, Marine x2  
  175  12:19  Marauder, Marine x3  
  175  12:22  Marine  
  181  12:25  Sensor Tower  
  181  12:28  Siege Tank  
  181  12:29  Liberator x2  
  185  12:41  Marauder x2, Marine x3  
  192  12:47  Advanced Ballistics  
  198  12:53  Liberator  
  198  12:54  Liberator  
  198  12:58  Command Center  
  198  13:00  Marauder  
  196  13:07  Refinery  
  179  13:14  Marine x2  
  179  13:15  Marauder x2  
  179  13:16  Marine, Liberator  
  179  13:17  Marauder, Liberator, Marine x2  
  187  13:21  Marauder  
  187  13:25  Terran Vehicle And Ship Armor Level 3  
  186  13:27  Marine  
  190  13:36  Marauder  
  190  13:38  Marauder, Marine  
  198  13:46  Marine  
  198  13:48  Liberator x3, Ghost x2  
  198  13:57  Ghost  
  191  14:06  Liberator  
  184  14:10  Marauder, Marine  
  172  14:17  Marauder  
  139  14:26  Marauder  
  139  14:29  Marine  
  139  14:30  Marine x2  
  136  14:32  Marauder  
  136  14:35  Barracks Tech Lab, Liberator  
  133  14:38  Marauder  
  135  14:47  Ghost  
  135  14:48  Liberator  
  135  14:49  Command Center  
  135  14:52  Ghost  
  137  14:55  Medivac  
  137  14:58  Medivac  
  137  14:59  Ghost  
  148  15:06  Medivac  
  155  15:07  Marine  
  155  15:16  Marauder  
  155  15:19  Marine x2  
  144  15:22  Marine  
  127  15:28  Marauder, Marine  
  127  15:29  Marine x3  
  127  15:30  Marine  
  104  15:36  Marine x2  
  104  15:37  Marauder  
  104  15:40  Marine  
  97  15:46  Marine  
  97  15:49  Marine  
  97  15:50  Marauder  
  97  15:59  Marauder  
  97  16:01  SCV  
  99  16:04  SCV  
  99  16:06  Marine  
  99  16:08  Marine  
  104  16:11  Marauder, Orbital Command  
  104  16:13  SCV  
  106  16:18  SCV  
  106  16:21  Liberator x2  
  108  16:26  SCV  
  108  16:27  Personal Cloaking  
  108  16:30  SCV  
  112  16:35  Ghost  
  112  16:36  Ghost  
  112  16:37  Liberator x2  
  112  16:38  SCV  
  119  16:42  SCV  
  119  16:44  SCV  
  118  16:50  SCV  
  119  16:56  Marine  
  126  17:02  Siege Tank  
  126  17:05  Marine  
  130  17:09  Marine x3  
  130  17:12  Marine x2  
  130  17:14  Missile Turret  
  135  17:17  Refinery  
  135  17:18  SCV x2  
  135  17:22  Marauder, Marine  
  137  17:34  Marauder, Marine x5  
  121  17:40  Marine  
  121  17:43  Marauder  
  106  17:48  Marine x2  
  72  17:52  Orbital Command, Marine  
  72  17:56  Marauder  
  55  17:59  Orbital Command  
  55  18:04  SCV  
  55  18:05  Marauder  
  50  18:09  Marine  
  49  18:26  Marauder  
  51  18:36  SCV  
  52  18:43  Marine x2  
  52  18:47  Marine  
  55  18:53  SCV, Marine  
  56  18:56  SCV  
  56  18:57  Orbital Command  
  56  18:59  Marine  
  58  19:09  Marine x4  
  60  19:12  SCV  
  60  19:14  SCV  
Show
View Real Time Build Order
Export as new Build Order

Lambo Zerg - Winner!

Build Orders: Hatch First 

Get SALT Encoding   

  12  0:00  Drone  
  13  0:12  Overlord  
  13  0:17  Drone  
  14  0:31  Drone x2  
  16  0:36  Drone  
  17  0:53  Hatchery  
  17  0:56  Drone  
  17  0:59  Drone  
  18  1:09  Extractor  
  17  1:14  Spawning Pool  
  17  1:17  Drone  
  17  1:20  Drone  
  18  1:28  Drone  
  19  1:39  Drone  
  20  1:50  Overlord  
  20  2:00  Queen  
  22  2:04  Queen  
  22  2:05  Zergling x4  
  26  2:08  Metabolic Boost  
  26  2:12  Drone  
  27  2:16  Drone  
  27  2:21  Drone  
  29  2:26  Drone  
  30  2:34  Drone  
  31  2:42  Hatchery  
  30  2:47  Pneumatized Carapace  
  30  2:50  Drone  
  31  2:54  Overlord  
  32  2:58  Drone  
  32  2:59  Drone  
  32  3:04  Drone  
  34  3:07  Drone  
  35  3:15  Drone x3  
  35  3:17  Queen  
  40  3:21  Overlord  
  40  3:25  Drone  
  41  3:27  Drone  
  41  3:32  Queen  
  44  3:41  Drone x2  
  44  3:44  Drone  
  44  3:48  Drone x3  
  49  3:49  Overlord  
  49  3:52  Drone  
  49  3:55  Evolution Chamber  
  50  3:56  Queen  
  50  3:59  Overlord  
  50  4:01  Drone  
  53  4:06  Drone x2  
  55  4:11  Queen  
  55  4:14  Zergling x4  
  59  4:22  Overlord, Zergling x4  
  59  4:24  Drone x2  
  63  4:26  Extractor  
  63  4:27  Zerg Ground Armor Level 1  
  62  4:32  Drone x3  
  62  4:35  Drone x2  
  67  4:40  Drone x2  
  67  4:44  Overlord  
  69  4:48  Lair  
  69  4:50  Drone x2  
  71  4:55  Queen  
  71  4:56  Overlord, Extractor  
  71  4:57  Extractor  
  71  5:01  Drone x5  
  71  5:05  Baneling Nest, Drone  
  75  5:07  Drone x2  
  75  5:08  Drone  
  75  5:10  Extractor  
  75  5:12  Drone x2  
  79  5:19  Spore Crawler  
  79  5:20  Drone x3  
  81  5:24  Overlord  
  81  5:27  Drone x2  
  83  5:31  Hatchery  
  83  5:32  Overlord  
  82  5:39  Overlord  
  82  5:40  Zergling x12  
  88  5:48  Centrifical Hooks  
  88  5:49  Drone, Evolution Chamber  
  88  5:51  Zergling x4  
  88  5:55  Zergling x2  
  91  6:00  Zergling x6  
  91  6:01  Zergling x2  
  95  6:04  Zergling x2  
  95  6:09  Zergling x6  
  95  6:10  Zergling x6  
  102  6:13  Baneling x4  
  102  6:14  Zergling x4  
  102  6:15  Zergling x2  
  105  6:19  Baneling x4  
  105  6:25  Zergling x6  
  108  6:31  Baneling x3  
  103  6:34  Zergling x14  
  103  6:35  Drone x2  
  103  6:38  Drone  
  107  6:41  Zerg Ground Armor Level 2, Zerg Melee Weapons Level 1  
  107  6:42  Hydralisk Den  
  107  6:44  Drone  
  107  6:46  Drone x2  
  109  6:52  Drone  
  109  6:54  Drone  
  109  6:57  Queen  
  109  6:59  Drone x3  
  115  7:01  Infestation Pit  
  115  7:06  Drone  
  115  7:07  Drone x2  
  118  7:15  Zergling x6  
  118  7:16  Overlord x3  
  118  7:18  Overlord  
  118  7:21  Hatchery, Grooved Spines  
  117  7:24  Infestation Pit  
  117  7:26  Overlord  
  117  7:28  Drone x3  
  119  7:30  Spore Crawler  
  119  7:32  Overlord  
  118  7:37  Overlord  
  118  7:39  Drone x6  
  118  7:40  Drone x3  
  118  7:42  Extractor x2  
  118  7:43  Hive  
  126  7:44  Hydralisk x2  
  126  7:50  Hydralisk x3  
  135  7:59  Hydralisk x4  
  135  8:00  Hydralisk  
  144  8:07  Hydralisk x4  
  144  8:11  Zergling x2, Hydralisk x2  
  155  8:19  Hydralisk  
  157  8:20  Zergling x10  
  157  8:23  Baneling x9  
  157  8:24  Zergling x2  
  157  8:25  Zergling x4  
  166  8:27  Overlord  
  166  8:29  Baneling x9, Overlord  
  166  8:30  Overlord  
  166  8:32  Muscular Augments  
  165  8:47  Overlord  
  159  8:49  Zergling x26  
  159  8:50  Hatchery  
  159  8:52  Zergling x6  
  165  8:56  Hydralisk x2  
  165  9:00  Hydralisk x3  
  172  9:09  Zergling x14  
  169  9:14  Viper  
  172  9:17  Baneling x9  
  172  9:21  Zerg Ground Armor Level 3  
  171  9:24  Zergling x10  
  171  9:31  Zerg Missile Weapons Level 1  
  176  9:36  Spore Crawler, Drone x2  
  176  9:37  Spine Crawler, Zergling x8  
  180  9:38  Spore Crawler  
  180  9:42  Queen  
  180  9:44  Queen  
  183  9:52  Overlord  
  183  9:57  Overlord  
  183  9:58  Overlord  
  181  10:01  Overlord, Zergling x6  
  181  10:04  Baneling x16  
  181  10:06  Zergling x6  
  185  10:09  Zergling x8  
  189  10:16  Zergling x10  
  194  10:24  Zergling x10  
  188  10:37  Hydralisk x4  
  188  10:38  Zergling x4  
  188  10:41  Zergling x6  
  188  10:42  Zergling x8  
  185  10:45  Zergling x2  
  185  10:49  Hydralisk x2, Ultralisk Cavern  
  185  10:51  Viper x2  
  185  10:54  Zergling x2  
  190  11:02  Baneling x15  
  190  11:05  Overlord  
  190  11:09  Overlord  
  190  11:10  Overlord  
  190  11:13  Baneling x10  
  190  11:15  Overlord  
  190  11:19  Overlord  
  190  11:21  Baneling x6  
  190  11:23  Overlord  
  190  11:25  Zergling x16  
  198  11:29  Zergling x18  
  200  11:39  Zergling x8  
  190  11:42  Zergling x6  
  190  11:44  Chitinous Plating  
  185  11:48  Zerg Melee Weapons Level 2  
  185  11:51  Zergling x2, Hydralisk  
  185  11:52  Zergling x14  
  195  11:59  Baneling x8  
  195  12:01  Zergling x8  
  199  12:05  Zerg Missile Weapons Level 2  
  199  12:12  Overlord  
  199  12:15  Zergling x10  
  199  12:16  Overlord  
  199  12:20  Overlord  
  199  12:22  Overlord  
  196  12:33  Overlord  
  196  12:36  Hatchery  
  189  12:38  Zergling x16  
  189  12:39  Hatchery, Zergling x10  
  189  12:42  Overseer  
  197  12:52  Spire  
  185  13:00  Ultralisk x2  
  185  13:02  Viper  
  185  13:04  Zergling x4  
  185  13:05  Zergling x2  
  198  13:09  Zergling x2  
  198  13:10  Zergling x20  
  188  13:15  Zergling x4  
  188  13:16  Zergling x8  
  189  13:26  Ultralisk  
  191  13:29  Zergling x14  
  196  13:37  Zergling x6  
  196  13:38  Baneling  
  196  13:39  Baneling x16  
  197  13:45  Zergling x12  
  198  13:51  Baneling x5  
  197  13:56  Zergling x2  
  197  13:57  Zergling x2  
  190  14:03  Zergling x24  
  190  14:08  Zergling x10  
  193  14:12  Ultralisk  
  191  14:20  Ultralisk  
  191  14:22  Zergling x12  
  189  14:28  Zergling x12  
  192  14:33  Zergling x10  
  192  14:35  Greater Spire  
  192  14:36  Drone  
  197  14:41  Zergling x4  
  198  14:46  Corruptor  
  198  14:51  Baneling x21  
  198  14:55  Baneling x7  
  198  14:56  Baneling  
  198  15:00  Drone  
  198  15:02  Baneling  
  198  15:03  Baneling x9  
  198  15:05  Overlord  
  199  15:19  Zergling x14  
  199  15:20  Zergling x2  
  187  15:25  Zergling x20  
  166  15:29  Zergling x8  
  166  15:34  Hydralisk x3  
  148  15:42  Viper x3  
  130  15:45  Zergling x8  
  139  15:53  Hydralisk x2  
  139  15:54  Zergling x6  
  146  16:08  Zergling x20  
  155  16:17  Hydralisk x2  
  155  16:18  Zergling x8  
  163  16:19  Baneling x5  
  163  16:26  Drone x4  
  167  16:44  Zergling x2  
  167  16:45  Zergling x10  
  167  16:46  Hatchery  
  162  17:03  Zergling x8  
  162  17:04  Zergling x16  
  175  17:13  Corruptor, Spore Crawler  
  176  17:19  Baneling x13  
  176  17:21  Zergling x2  
  170  17:35  Zergling x16  
  158  17:39  Zergling x4  
  158  17:43  Zergling x4  
  138  17:48  Zergling x4  
  138  17:49  Zergling x2  
  127  17:55  Zergling x6  
  121  18:00  Zergling x4  
  112  18:10  Viper x2  
  112  18:11  Zergling x2  
  112  18:12  Zergling x2  
  108  18:20  Drone x2  
  108  18:21  Drone x3  
  113  18:31  Drone x3  
  113  18:33  Spore Crawler  
  115  18:36  Zergling x14  
  119  18:42  Hydralisk x2  
  119  18:47  Hydralisk  
  119  18:48  Hydralisk  
  126  18:51  Hydralisk x2  
  126  18:54  Hydralisk  
  126  19:01  Hydralisk x3  
  132  19:04  Zergling x2  
  132  19:05  Zergling x4  
Tags
 
Add a new tag
Caveats
  • Supply blocks, unpowered buildings, or Contaminate may cause inaccurate times.
  • Supply counts are checked every 10 seconds.